 Dungeon Crawl Stone Soup version 0.23-a0-625-g1d2cd9b (webtiles) character file.

112 Leeroy the Slasher (level 4, -2/34 HPs)
             Began as a Barachi Warper on Dec 24, 2018.
             Slain by a wight
             ... wielding a +1 morningstar
              (12 damage)
             ... on level 2 of the Dungeon.
             The game lasted 00:03:33 (1147 turns).

Leeroy the Slasher (Barachi Warper)                 Turns: 1147, Time: 00:03:33

Health: -2/34      AC:  3    Str: 18    XL:     4   Next: 95%
Magic:  7/7        EV: 11    Int: 14    God:
Gold:   84         SH:  0    Dex: 11    Spells: 3/7 levels left

rFire    + . .     SeeInvis .   a - +0 falchion
rCold    + . .     Gourm    .   (no shield)
rNeg     . . .     Faith    .   b - +0 leather armour
rPois    +         Spirit   .   (no helmet)
rElec    +         Reflect  .   (no cloak)
rCorr    +         Harm     .   (no gloves)
MR       .....                  (no boots)
Stlth    +.........             (no amulet)
HPRegen  0.11/turn              (no ring)
MPRegen  0.10/turn              (no ring)

@: mighty, resistant, drained, slow
A: +LOS, swims, slowness 1, strong legs 1
a: Hop


You were on level 2 of the Dungeon.
You were hungry.

You visited 1 branch of the dungeon, and saw 2 of its levels.

You collected 84 gold pieces.

Inventory:

Hand Weapons
 a - a +0 falchion (weapon)
 c - a +0 dagger
 m - a +0 hunting sling
Missiles
 e - 5 tomahawks of dispersal (quivered)
 l - 20 sling bullets
 o - 44 stones
Armour
 b - a +0 leather armour (worn)
Jewellery
 p - an uncursed ring of resist corrosion
Scrolls
 d - a scroll of blinking
 i - 2 scrolls of enchant armour {unknown}
 j - 2 scrolls of remove curse {unknown}
 k - a scroll of identify {unknown}
Potions
 h - a potion of might
Comestibles
 f - 3 rations
 q - 4 chunks of flesh


   Skills:
 - Level 2.7(1.7) Fighting
 * Level 5.4(4.3) Long Blades
 - Level 1.0(0.0) Throwing
 - Level 1.2(0.2) Armour
 * Level 2.4(1.4) Dodging
 + Level 0.1(0.0) Stealth
 - Level 2.3(1.4) Spellcasting
 + Level 3.3(2.3) Translocations


You had 3 spell levels left.
You knew the following spells:

 Your Spells              Type           Power        Failure   Level  Hunger
a - Blink                 Tloc           N/A          17%         2    ###....
b - Shroud of Golubria    Chrm/Tloc      #.........   28%         2    ###....

Your spell library contained the following spells:

 Spells                   Type           Power        Failure   Level  Hunger
 Gell's Gravitas          Tloc           #.........   34%         3    ####...
 Lesser Beckoning         Tloc           #.........   34%         3    ####...
 Teleport Other           Tloc           #.......     34%         3    ####...
 Passage of Golubria      Tloc           N/A          75%         4    #####..


Dungeon Overview and Level Annotations

Branches:
Dungeon (2/15)

Altars:


Innate Abilities, Weirdness & Mutations

Shadows flee at your approach. (+LOS)
You can swim through water.
You cover ground slowly.
You can hop short distances.


Message History

You feel protected. The wight closely misses you.
You hit the wight.
The wight is almost destroyed.
The wight hits you with a +0 long sword.
* * * LOW HITPOINT WARNING * * *
You feel drained.
Unknown command.
You slash the wight!
You destroy the wight!
Your base Long Blades skill increases to level 5!
Casting: Shroud of Golubria (safe; 28% risk of failure)
Confirm with . or Enter, or press ? or * to list all spells.
Okay, then.
You are mighty.
You resist elements.
Your life force is drained.
Your movement speed is slow.
Your attack speed is average.
Your base attributes are Str 13, Int 14, Dex 11.
You closely miss the wight.
The wight hits you with a +1 morningstar!
You die...

#.## ##.# #..###.##
#### #.#...## ##>..
#.##.##
##...###.##.########
##.....##.##........#
##.......#.#########.#
#..........#########.#
#...........Kzz@.....#
#..........#.z######.#
##....)..#.....<...
#......###.........
#.#...## ##..##.... #
#.... ....?.###. #..##
##..#### #.. .... #..
#..##


You could see 3 wights and a kobold.

Vanquished Creatures
  A wight (D:2)
  An adder (D:2)
  An ooze (D:1)
  A worm (D:2)
  4 dart slugs (D:1)
  2 leopard geckos (D:1)
  3 giant cockroaches (D:1)
  8 hobgoblins
  2 jackals (D:2)
  A ball python (D:1)
  6 bats
  3 frilled lizards
  7 goblins
  2 kobolds
  A rat (D:1)
43 creatures vanquished.

Notes
Turn   | Place    | Note
-------+----------+-------------------------------------------
     0 | D:1      | Leeroy the Barachi Warper began the quest for the Orb.
     0 | D:1      | Reached XP level 1. HP: 17/17 MP: 3/3
   139 | D:1      | Reached XP level 2. HP: 20/23 MP: 5/5
   196 | D:1      | Reached skill level 3 in Long Blades
   212 | D:1      | Learned a level 2 spell: Blink
   215 | D:1      | Learned a level 2 spell: Shroud of Golubria
   316 | D:1      | Reached XP level 3. HP: 28/28 MP: 6/6
   650 | D:1      | Reached skill level 4 in Long Blades
   717 | D:1      | You fall through a shaft!
   723 | D:2      | Reached XP level 4. HP: 30/34 MP: 7/7
  1146 | D:2      | Reached skill level 5 in Long Blades
  1147 | D:2      | Slain by a wight

Vault maps used:
D:1:      ebering_trefoil_3fold
D:2:      first_ration, uniq_sigmund, uniq_terence

Skill      XL: |  1  2  3  4 |
---------------+-------------+-----
Long Blades    | 3 4 5 |  5.4
Fighting       | |  2.7
Throwing       | |  1.0
Armour         | |  1.2
Dodging        | |  2.4
Stealth        | |  0.1
Spellcasting   | |  2.3
Translocations | |  3.3

Action                   |  1- 3 |  4- 6 || total
-------------------------+-------+-------++-------
Melee: Falchion          |    89 |    50 ||   139
 Cast: Shroud of Golubri |       |     1 ||     1
  Use: Potion            |       |     3 ||     3
  Eat: Chunk             |       |     1 ||     1
Armor: Leather armour    |    20 |    16 ||    36
Dodge: Dodged            |    46 |    34 ||    80
       Rpst.: Falchion   |    17 |    11 ||    28

Table legend:
 A = Non-vault XP
 B = Vault XP
 C = Vault XP percentage of total XP
 D = Non-vault monster count
 E = Vault monster count
 F = Vault count percentage of total count
                 A         B        C        D         E       F
            +---------+---------+-------+---------+---------+-------
      Total |     161 |       0 |   0.0 |      43 |       0 |   0.0
            +---------+---------+-------+---------+---------+-------
        D:1 |      69 |       0 |   0.0 |      31 |       0 |   0.0
        D:2 |      92 |       0 |   0.0 |      12 |       0 |   0.0
            +---------+---------+-------+---------+---------+-------
